 Dungeon Crawl Stone Soup version 0.31-a0-702-gf82c85558f (webtiles) character file.

Game seed: 1833611469888079579

51 qw the Shooter (level 3, 0/22 HPs)
             Began as a Gargoyle Hunter on Sept 8, 2023.
             Slain by a scorpion (2 damage)
             ... on level 4 of the Dungeon.
             The game lasted 00:00:30 (1025 turns).

qw the Shooter (Gargoyle Hunter)                    Turns: 1025, Time: 00:00:31

Health: 0/22       AC:  8    Str: 14    XL:     3   Next: 81%
Magic:  3/3        EV: 10    Int:  9    God:
Gold:   114        SH:  0    Dex: 15    Spells: 2/2 levels left

rFire   . . .        Y - +0 shortbow
rCold   . . .        (shield currently unavailable)
rNeg    + . .        d - +0 ring mail
rPois   inf          (no helmet)
rElec   +            (no cloak)
rCorr   .            (no gloves)
SInv    .            (no boots)
Will    .....        (no amulet)
Stlth   +            (no ring)
HPRegen 0.23/turn    (no ring)
MPRegen 0.08/turn

%: no passive effects
@: about to teleport
A: sickness immunity, AC +3, negative energy resistance 1, electricity
resistance, torment resistance 1, petrification resistance
a: no special abilities


You were on level 4 of the Dungeon.
You visited 1 branch of the dungeon, and saw 3 of its levels.

You collected 114 gold pieces.


Innate Abilities, Weirdness & Mutations

You are immune to sickness and miasma.
Your stone body is resilient. (AC +3)
You are immune to poison.
You resist negative energy. (rN+)
You are resistant to electric shocks. (rElec)
You are resistant to unholy torment.
You are immune to petrification.


   Skills:
 + Level 2.7 Fighting
 - Level 5.0 Ranged Weapons
 - Level 1.0 Armour
 - Level 1.5 Dodging
 - Level 1.1 Stealth


You had 2 spell levels left.
You didn't know any spells.
Your spell library was empty.

Inventory:

Hand Weapons
 Y - a +0 shortbow (weapon)
Armour
 d - a +0 ring mail (worn)
Scrolls
 a - 2 scrolls of teleportation
 g - a scroll of identify
Potions
 b - a potion of enlightenment {unknown}
 c - a potion of magic {unknown}
 e - a potion of curing {unknown}
 f - a potion of resistance
 h - a potion of berserk rage {unknown}
 i - a potion of attraction {unknown}

Dungeon Overview and Level Annotations

Branches:
Dungeon (2/15)

Altars:


Message History

You shoot an arrow.
The arrow hits the scorpion but does no damage.
The scorpion is heavily wounded.
The scorpion stings you but does no damage.
You shoot an arrow. The arrow hits the scorpion.
The scorpion is heavily wounded.
The scorpion stings you but does no damage.
You shoot an arrow.
The arrow hits the scorpion but does no damage.
The scorpion is heavily wounded.
The scorpion barely misses you.
The scorpion stings you but does no damage.
You shoot an arrow. The arrow closely misses the scorpion.
The scorpion stings you.
You shoot an arrow.
The arrow hits the scorpion but does no damage.
The scorpion is heavily wounded.
The scorpion stings you but does no damage.
The scorpion stings you.
You shoot an arrow.
The arrow hits the scorpion but does no damage.
The scorpion is heavily wounded.
The scorpion closely misses you.
You shoot an arrow.
The arrow hits the scorpion but does no damage.
The scorpion is heavily wounded.
The scorpion stings you but does no damage.
The scorpion closely misses you.
You shoot an arrow. The arrow barely misses the scorpion.
The scorpion barely misses you.
You shoot an arrow.
The arrow hits the scorpion but does no damage.
The scorpion is heavily wounded.
The scorpion stings you.
The scorpion stings you but does no damage.
1025 ||| READING 3 scrolls of teleportation.
As you read the scroll of teleportation, it crumbles to dust.
You feel strangely unstable. The scorpion stings you.
You die...

#..........
..........
#........#
#..).....#
#........#
#........#
#+#....#####
#..#...##.#
#.....@#...
###...s# ...
#.#... ####
#.....#
#.....#
#......
..###... #..
.#.


You could see a scorpion.

Vanquished Creatures
  An adder (D:2)
  5 ball pythons
  4 bats
  3 endoplasms (D:1)
  3 giant cockroaches (D:1)
  5 goblins
  3 hobgoblins
  5 jackals
  2 kobolds (D:1)
  4 frilled lizards
  A rat (D:1)
36 creatures vanquished.

Notes
Turn   | Place    | Note
-------+----------+-------------------------------------------
     0 | D:1      | qw the Gargoyle Hunter began the quest for the Orb.
     0 | D:1      | Reached XP level 1. HP: 12/12 MP: 1/1
     0 | D:1      | 0 ||| qw: Version: 0.3-a-76-g4403597
     0 | D:1      | 0 ||| qw: Game counter: 1154
     0 | D:1      | 0 ||| qw: Melee chars always use a shield: true
     0 | D:1      | 0 ||| qw: God list: Okawaru
     0 | D:1      | 0 ||| qw: Allow faded altars: false
     0 | D:1      | 0 ||| qw: Do Orc after clearing Dungeon:15 true
     0 | D:1      | 0 ||| qw: Do second Lair branch before Depths: true
     0 | D:1      | 0 ||| qw: Lair rune preference: random
     0 | D:1      | 0 ||| qw: Goals: Normal
     0 | D:1      | 0 ||| PLANNING D:1-11
   237 | D:1      | Reached XP level 2. HP: 17/17 MP: 2/2
   599 | D:1      | 599 ||| UPGRADING to +0 ring mail.
   609 | D:1      | 609 ||| DROPPING +0 leather armour.
   610 | D:1      | 610 ||| READING 2 scrolls labelled KYFIAV COHAFEETA.
   614 | D:1      | 614 ||| READING scroll labelled MEETZAMPUIPN.
   615 | D:1      | 615 ||| READING scroll labelled LICEKU VOUB.
   616 | D:1      | 616 ||| DRINKING 2 glowing brown potions.
   617 | D:1      | 617 ||| DROPPING scroll of butterflies.
   653 | D:2      | 653 ||| STAIRDANCE
   662 | D:2      | 662 ||| STAIRDANCE
   666 | D:1      | Reached XP level 3. HP: 21/21 MP: 3/3
   670 | D:2      | 670 ||| STAIRDANCE
   676 | D:2      | 676 ||| STAIRDANCE
   682 | D:1      | Reached skill level 1 in Armour
   885 | D:2      | Reached skill level 5 in Ranged Weapons
  1003 | D:2      | You fall into a shaft and drop 2 floors!
  1006 | D:4      | Noticed a scorpion
  1024 | D:4      | HP: 2/22 [scorpion (5)]
  1025 | D:4      | 1025 ||| READING 3 scrolls of teleportation.
  1025 | D:4      | Slain by a scorpion

Levels and vault maps discovered:
D:1:      scummos_arrival_star, layout_loops_ring, minmay_misc_feat_nine_boxes
D:2:      layout_loops_ring, uniq_natasha, uniq_robin
D:4:      layout_rooms, biasface_ghost_orc_armoury, serial_shops,
          nicolae_shop_stone, nicolae_shop_overgrown_old_shop, shop,
          minmay_misc_feat_encased, kennysheep_nondescript

Skill      XL: |  1  2  3 |
---------------+----------+-----
Armour         | 1 |  1.0
Ranged Weapons | 5 |  5.0
Fighting       | |  2.7
Dodging        | |  1.5
Stealth        | |  1.1

Action                     || total
---------------------------++-------
   Fire: Shortbow          ||   122
    Use: Scroll            ||     4
         Potion            ||     1
 Armour: Leather armour    ||    10
         Ring mail         ||    51
  Dodge: Dodged            ||    40

Table legend:
 A = Non-vault XP
 B = Vault XP
 C = Vault XP percentage of total XP
 D = Non-vault monster count
 E = Vault monster count
 F = Vault count percentage of total count
                 A         B        C        D         E       F
            +---------+---------+-------+---------+---------+-------
      Total |      73 |       0 |   0.0 |      36 |       0 |   0.0
            +---------+---------+-------+---------+---------+-------
        D:1 |      36 |       0 |   0.0 |      21 |       0 |   0.0
        D:2 |      37 |       0 |   0.0 |      15 |       0 |   0.0
            +---------+---------+-------+---------+---------+-------
